 Dungeon Crawl Stone Soup version 0.17-a0-1504-gb7d9117 (webtiles) character file.

44718 Leibowitz the Unseen (level 14, -11/88 HPs)
             Began as a Kobold Gladiator on July 8, 2015.
             Was the Champion of Okawaru.
             Mangled by a death yak (21 damage)
             ... on level 7 of the Lair of Beasts.
             The game lasted 01:38:22 (18972 turns).

Leibowitz the Unseen (Kobold Gladiator)            Turns: 18972, Time: 01:38:22

Health: -11/88     AC:  7    Str: 23    XL:     14   Next: 67%
Magic:  17/17      EV: 37    Int:  1    God:    Okawaru [******]
Gold:   1076       SH: 10    Dex: 25    Spells: 0 memorised, 13 levels left

rFire  . . .     SeeInvis .     a - +9 quick blade "Nunuckin" {freeze, +Fly rPois rC+ Int-5}
rCold  + + .     Clarity  .     d - +0 robe of Okawaru's Hope {rC+ Str+3 Dex+4}
rNeg   . . .     SustAt   .     g - +1 buckler
rPois  +         Gourm    .     U - +1 hat
rElec  +         Spirit   .     j - +0 cloak
rCorr  .         Warding  .     p - +0 pair of gloves
rMut   .         Stasis   .     R - +0 pair of boots
MR     ++...                    x - amulet of the Air {Inacc +Fly rElec EV+5 RMsl}
Stlth  ++++++++..               v - +6 ring of strength
                                F - ring of protection from magic

@: repel missiles, very resistant to hostile enchantments, extraordinarily
stealthy
A: carnivore 3
a: Heroism, Finesse, Renounce Religion, Evoke Flight


You were on level 7 of the Lair of Beasts.
You worshipped Okawaru.
Okawaru was exalted by your worship.
You were very full.

You visited 3 branches of the dungeon, and saw 18 of its levels.
You also visited: Sewer.

You collected 1076 gold pieces.

Inventory:

Hand weapons
 a - the +9 quick blade "Nunuckin" (weapon) {freeze, +Fly rPois rC+ Int-5}
   (You found it on level 7 of the Dungeon)

   It has been specially enchanted to freeze those struck by it, causing extra
   injury to most foes and up to half again as much damage against particularly
   susceptible opponents.
   It can also slow down cold-blooded creatures.
   It affects your intelligence (-5).
   It protects you from cold.
   It protects you from poison.
   It lets you fly.
 b - a +0 blowgun
 P - a +6 quick blade
 Z - a +1 short sword of holy wrath
Missiles
 k - 7 needles of sleeping
 y - 76 poisoned needles
Armour
 d - the +0 robe of Okawaru's Hope (worn) {rC+ Str+3 Dex+4}
   (Okawaru gifted it to you on level 6 of the Lair of Beasts)

   It affects your strength (+3).
   It affects your dexterity (+4).
   It protects you from cold.
 g - a +1 buckler (worn)
 j - a +0 cloak (worn)
 p - a +0 pair of gloves (worn)
 R - a +0 pair of boots (worn)
 U - a +1 hat (worn)
Jewellery
 f - an uncursed ring of protection from cold
 i - an uncursed ring of see invisible
 s - an uncursed amulet of clarity
 v - a +6 ring of strength (right hand)
 x - the amulet of the Air (around neck) {Inacc +Fly rElec EV+5 RMsl}
   (You found it on level 7 of the Dungeon)

   [amulet of inaccuracy]

   It reduces the accuracy of all your attacks.
   It affects your evasion (+5).
   It insulates you from electricity.
   It lets you fly.
   It protects you from missiles.
 C - an uncursed ring of teleportation
 F - a ring of protection from magic (left hand)
 J - an uncursed amulet of rage
 Q - a +4 ring of protection
Magical devices
 c - a wand of cold (7)
 o - a wand of paralysis (16)
 D - a wand of disintegration (8)
 G - a wand of magic darts (13)
 I - a wand of polymorph (11)
 S - a wand of lightning (1)
 Y - a wand of digging (9)
Scrolls
 h - 11 scrolls of identify
 l - 4 scrolls of enchant weapon
 n - 4 scrolls of magic mapping
 r - 4 scrolls of recharging
 w - a scroll of blinking
 E - a scroll of vulnerability {unknown}
 H - 2 scrolls of enchant armour
 M - 3 scrolls of remove curse
 N - a scroll of fear
Potions
 e - a potion of ambrosia
 t - a potion of heal wounds
 u - 3 potions of curing
 A - a potion of cancellation
 B - 2 potions of haste
 K - a potion of invisibility
 L - 2 potions of might
 O - 4 potions of agility
 V - a potion of magic
Comestibles
 m - 2 slices of pizza
 q - 5 beef jerkies
 z - 3 royal jellies
 T - a chunk of flesh
 X - 7 meat rations


   Skills:
 * Level 10.8 Fighting
 - Level 8.9 Short Blades
 - Level 2.6 Throwing
 + Level 6.7 Armour
 * Level 14.7 Dodging
 * Level 16.9 Stealth
 * Level 8.3 Shields
 + Level 0.4 Invocations
 + Level 4.2 Evocations


You had 13 spell levels left.
You didn't know any spells.

Dungeon Overview and Level Annotations

Branches:
Dungeon (10/15)            Temple (1/1) D:7            Lair (7/8) D:10
 Shoals (0/4) Lair:6        Snake (0/4) Lair:5        Slime (0/6) Lair:7
    Orc: D:9-12

Altars:
Ashenzari
Dithmenos
Elyvilon
Fedhas
Kikubaaqudgha
Makhleb
Nemelex Xobeh
Okawaru
Qazlal
Ru
Sif Muna
Trog
Vehumet
Xom
Yredelemnul
Zin
The Shining One
Lugonu

Shops:
D:6 ?

Annotations:
D:5 trantor's ghost, experienced HOFi
D:7 exclusion: ice statue


Innate Abilities, Weirdness & Mutations

You are small and have problems with some larger weapons.
You are carnivorous and can eat meat at any time.


Message History

The death yak is severely wounded.
The death yak gores you!!
You hear a loud, deep croak!
You hit the death yak but do no damage.
The death yak is severely wounded.
You hit the death yak. You freeze the death yak.
The death yak is severely wounded.
The death yak completely misses you. The death yak gores you!!
You puncture the death yak! You freeze the death yak.
The death yak is almost dead.
You puncture the death yak! You freeze the death yak.
You kill the death yak!
Okawaru accepts your kill. The death yak gores you!!
* * * LOW HITPOINT WARNING * * *
Read which item? (? for menu, Esc to quit)
As you read the scroll of fear, it crumbles to dust.
You assume a fearsome visage.
The death yak resists with some effort.
The death yak looks frightened!
The death yak gores you!!
You die...

.......†....†.#.........#.#.P...#
P................#.....#.........
P....#..........>...P#...........
.................................
.......................PP.......#
............P#...####..PP......##
....#.#..†.PPP.####...##.......##
#....#.....PPPP#†#.....#.......#.
#....#......####@Y...............
.....P......# ###................
............##.#..Y..............
#..<............................P
..PPP...........................#
.###P.###........#...............
## ######.......Y...###..........
##........Y.................
#.........YY................


You could see 2 death yaks.

Vanquished Creatures
  Rupert (Lair:7)
  Josephine (Lair:7)
  8 hydras
  Erolcha (D:8)
  5 death yaks (Lair:7)
  A harpy (shapeshifter) (D:8)
  Pikel (D:8)
  12 elephants
  2 black mambas
  2 griffons
  2 sirens (Lair:6)
  2 fire drakes
  8 spiny frogs
  8 komodo dragons
  A troll (D:10)
  2 merfolk (Lair:6)
  17 blink frogs
  19 yaks
  A deep elf mage (D:9)
  3 wraiths (Lair:7)
  A basilisk (Lair:4)
  A deep elf fighter (D:10)
  A wyvern (D:9)
  A spriggan (D:7)
  11 wolves
  4 hippogriffs
  Menkaure (D:4)
  A mottled dragon (D:7)
  Edmund (D:6)
  13 water moccasins
  Duvessa (D:7)
  A phantom (D:5)
  An orc warrior (D:9)
  16 porcupines
  Purgy (D:4)
  3 nagas (Lair:5)
  4 sky beasts
  2 black bears
  2 necrophages
  7 crocodiles
  3 ogres
  2 big kobolds
  2 centaurs
  Blork the orc (D:4)
  A wyvern zombie (D:7)
  Dowan (D:7)
  19 giant frogs
  A scorpion (D:8)
  9 wights
  3 crimson imps
  4 electric eels (D:7)
  15 jellies
  4 orc priests
  2 centaur skeletons
  6 worker ants
  7 iguanas
  6 orc wizards
  18 sheep
  A hound zombie (D:8)
  A hound skeleton (D:9)
  16 adders
  3 gnolls (D:5)
  48 river rats
  6 oozes
  An adder zombie (D:6)
  2 worms
  7 giant geckos
  21 orcs
  7 ball pythons
  A bat zombie (D:5)
  5 giant cockroaches
  10 hobgoblins
  10 jackals
  30 kobolds
  5 quokkas
  21 bats
  A giant gecko skeleton (D:5)
  2 giant gecko zombies
  9 giant newts
  10 goblins
  9 rats
  A fungus (D:8)
  3 plants
504 creatures vanquished.

Vanquished Creatures (others)
  2 slaves (D:8)
  A kobold (D:8)
  19 fungi
  5 plants
27 creatures vanquished.

Grand Total: 531 creatures vanquished

Notes
Turn   | Place    | Note
--------------------------------------------------------------
     0 | D:1      | Leibowitz the Kobold Gladiator began the quest for the Orb.
     0 | D:1      | Reached XP level 1. HP: 12/12 MP: 1/1
   382 | D:1      | Reached XP level 2. HP: 7/17 MP: 2/2
   914 | D:2      | Reached skill level 1 in Stealth
   923 | D:2      | Reached XP level 3. HP: 22/22 MP: 3/3
  1538 | D:3      | Found a glowing drain.
  1567 | D:3      | Reached XP level 4. HP: 27/27 MP: 4/4
  1581 | Sewer    | Entered a sewer
  1694 | Sewer    | Reached skill level 1 in Shields
  2044 | Sewer    | Reached XP level 5. HP: 24/31 MP: 5/5
  2909 | D:3      | Reached skill level 1 in Armour
  3203 | D:3      | Reached skill level 5 in Dodging
  3255 | D:3      | Reached XP level 6. HP: 4/36 MP: 6/6
  3592 | D:3      | Found a bloodstained altar of Trog.
  4171 | D:4      | Noticed Blork the orc
  4182 | D:4      | Killed Blork the orc
  4279 | D:4      | Reached XP level 7. HP: 32/41 MP: 7/7
  4599 | D:4      | Reached skill level 6 in Dodging
  4619 | D:4      | Reached skill level 5 in Short Blades
  5063 | D:4      | Noticed Menkaure
  5075 | D:4      | Killed Menkaure
  5075 | D:4      | Reached skill level 5 in Stealth
  5075 | D:4      | Reached XP level 8. HP: 47/47 MP: 8/8
  5096 | D:4      | Noticed Purgy
  5117 | D:4      | Killed Purgy
  5312 | D:4      | Reached skill level 7 in Dodging
  5383 | D:5      | Entered Level 5 of the Dungeon
  5771 | D:5      | Noticed trantor's ghost (experienced HOFi)
  6529 | D:5      | Reached XP level 9. HP: 42/52 MP: 9/9
  6595 | D:6      | Found a shattered altar of Ashenzari.
  6639 | D:6      | Found Paebeibe's Magic Scroll Shoppe.
  6680 | D:6      | Reached skill level 8 in Dodging
  6750 | D:6      | Reached skill level 5 in Armour
  6750 | D:6      | Reached skill level 9 in Dodging
  6750 | D:6      | Reached skill level 10 in Stealth
  6750 | D:6      | Reached skill level 5 in Shields
  6750 | D:6      | Reached XP level 10. HP: 57/63 MP: 9/12
  6890 | D:6      | Found a stormy altar of Qazlal.
  7162 | D:6      | Noticed Edmund
  7164 | D:6      | Found a shimmering altar of Xom.
  7165 | D:6      | Noticed an angel
  7168 | D:6      | Found a glowing silver altar of Zin.
  7169 | D:6      | Killed Edmund
  7169 | D:6      | Reached skill level 10 in Dodging
  7356 | D:7      | Found a staircase to the Ecumenical Temple.
  7368 | Temple   | Entered the Ecumenical Temple
  7390 | Temple   | Became a worshipper of Warmaster Okawaru
  7430 | D:7      | Noticed Duvessa
  7430 | D:7      | Noticed Dowan
  7450 | D:7      | Killed Duvessa
  7455 | D:7      | Killed Dowan
  7991 | D:7      | Found a glowing golden altar of the Shining One.
  8165 | D:7      | Acquired Okawaru's first power
  9031 | D:7      | Noticed an ice statue
  9053 | D:7      | Got a dazzling quick blade
  9054 | D:7      | Identified the +9 quick blade "Nunuckin" {freeze, +Fly rPois rC+ Int-5} (You found it on level 7 of the Dungeon)
  9332 | D:8      | Found a staircase to the Lair.
  9660 | D:8      | Noticed Pikel
  9677 | D:8      | Killed Pikel
  9677 | D:8      | Reached skill level 11 in Stealth
  9677 | D:8      | Reached XP level 11. HP: 64/67 MP: 13/13
  9720 | D:8      | Found a deep blue altar of Sif Muna.
  9723 | D:8      | Found a shadowy altar of Dithmenos.
  9723 | D:8      | Found a sparkling altar of Nemelex Xobeh.
  9725 | D:8      | Found a sacrificial altar of Ru.
  9726 | D:8      | Found a white marble altar of Elyvilon.
  9781 | D:8      | Found a radiant altar of Vehumet.
  9787 | D:8      | Noticed a harpy
  9796 | D:8      | Killed a harpy
  9881 | D:8      | Noticed Erolcha
  9903 | D:8      | Killed Erolcha
 11041 | D:10     | Entered Level 10 of the Dungeon
 11125 | D:10     | Found a staircase to the Lair.
 11133 | Lair:1   | Entered Level 1 of the Lair of Beasts
 11166 | Lair:1   | Noticed a four-headed hydra
 11366 | Lair:1   | Killed a four-headed hydra
 11411 | Lair:1   | Received a gift from Okawaru
 11522 | Lair:1   | Reached skill level 12 in Stealth
 12070 | Lair:1   | Noticed a seven-headed hydra
 12094 | Lair:1   | Reached XP level 12. HP: 73/73 MP: 14/14
 12112 | Lair:1   | Killed a seven-headed hydra
 12112 | Lair:1   | Acquired Okawaru's second power
 12757 | Lair:2   | Received a gift from Okawaru
 13488 | Lair:3   | Got a steaming chain mail
 13489 | Lair:3   | Identified the +1 chain mail of the Soldier {MR+} (You found it on level 3 of the Lair of Beasts)
 13951 | Lair:3   | Reached skill level 13 in Stealth
 14145 | Lair:3   | Received a gift from Okawaru
 14176 | Lair:3   | Got a jewelled arbalest {god gift}
 14183 | Lair:3   | Identified the +7 arbalest of Evolution {penet, rElec Str-5 Int+3} (Okawaru gifted it to you on level 3 of the Lair of Beasts)
 14574 | Lair:4   | Reached XP level 13. HP: 80/80 MP: 16/16
 14648 | Lair:4   | Got a spiked ring mail
 14673 | Lair:4   | Identified the +2 ring mail of the Prince {+Fly rElec Dex-2 Stlth+} (You found it on level 4 of the Lair of Beasts)
 14979 | Lair:4   | Reached skill level 14 in Stealth
 15024 | Lair:4   | Noticed an eight-headed hydra
 15251 | Lair:4   | Killed an eight-headed hydra
 15538 | Lair:5   | Found a staircase to the Snake Pit.
 15747 | Lair:5   | Received a gift from Okawaru
 16064 | Lair:5   | Reached skill level 10 in Fighting
 17291 | Lair:6   | Found a staircase to the Shoals.
 17296 | Lair:6   | Received a gift from Okawaru
 17296 | Lair:6   | Reached skill level 15 in Stealth
 17313 | Lair:6   | Reached XP level 14. HP: 88/88 MP: 17/17
 17329 | Lair:6   | Got a ripped robe {god gift}
 17330 | Lair:6   | Identified the +0 robe of Okawaru's Hope {rC+ Str+3 Dex+4} (Okawaru gifted it to you on level 6 of the Lair of Beasts)
 18029 | Lair:7   | Found a staircase to the Slime Pits.
 18031 | Lair:7   | Reached skill level 16 in Stealth
 18279 | Lair:7   | Noticed Josephine
 18391 | Lair:7   | Killed Josephine
 18411 | Lair:7   | Noticed Rupert
 18459 | Lair:7   | Killed Rupert
 18972 | Lair:7   | Mangled by a death yak

Vault maps used:
D:1:      dpeg_arrival_oval
D:3:      lemuel_round_altar, gup_sewer_entry_glass
D:4:      first_bread, st_stairs_4, uniq_purgy, uniq_menkaure,
          uniq_blork_the_orc
D:5:      st_stairs_7
D:6:      grunt_temple_overflow_order_and_chaos_1,
          nicolae_qazlal_eye_of_the_storm, basic_altar, serial_shops, shop,
          uniq_edmund
D:7:      statuecave_lemuel, nicolae_tso_swordbearing_angel, temple_green,
          the_bakery, uniq_duvessa
D:8:      vehumet_altar_wand_db, grunt_temple_overflow_open, dpeg_oklobed_lair,
          uniq_pikel, uniq_erolcha
D:10:     grunt_lair_entry_elf_guard_hut
Temple:   corrupted_temple
Lair:1:   st_stairs_5, bh_autumn_forest_stairs, serial_bayou_shore_a
Lair:2:   beast_lair_carwin_4
Lair:3:   lemuel_fruit_fields
Lair:5:   guppyfry_snake_entry_garden
Lair:6:   elwin_shoals_entry_stream, grunt_megastairs_2
Lair:7:   minmay_slime_entry_jelly_boxes, uniq_rupert, uniq_josephine
Sewer:    sewer_co_scattered_pipes

Action                   |  1- 3 |  4- 6 |  7- 9 | 10-12 | 13-15 || total
-------------------------+-------+-------+-------+-------+-------++-------
Melee: Rapier            |   132 |   483 |   300 |   272 |       ||  1187
       Blowgun           |       |       |     2 |       |       ||     2
       Quick blade       |       |       |       |   663 |   753 ||  1416
 Fire: Blowgun           |       |    30 |    43 |    29 |    10 ||   112
Throw: Throwing net      |     2 |     9 |     2 |       |       ||    13
Invok: Heroism           |       |       |       |       |     3 ||     3
 Abil: Evoke Teleportati |       |       |       |     1 |       ||     1
Evoke: Wand              |       |       |       |    12 |       ||    12
  Use: Scroll            |     2 |     7 |     1 |     6 |     6 ||    22
       Potion            |       |     7 |     6 |     4 |       ||    17
 Stab: Sleeping          |     6 |     4 |    20 |    40 |    46 ||   116
       Held in net/web   |       |     4 |     2 |       |       ||     6
       Distracted        |       |     1 |       |     3 |     4 ||     8
       Fleeing           |       |       |       |     1 |       ||     1
  Eat: Chunk             |    10 |    11 |     8 |    25 |    11 ||    65
       Meat ration       |       |       |       |       |     2 ||     2
